AoeStats
← ToileTh

Arena

509652215Analyzed
4v4 RM · 3d ago on Sep 27, 2026· 55m 50s· 8 players
Game mode
Random Map
Map size
Large (8 player)
Population
200
Speed
Normal
Resources
Standard
Victory
Conquest
Starting age
Dark Age
Ending age
Imperial Age
RankedLock teamsTeams togetherTeam positionsShared explorationLock speedFull tech treeHidden civsTurbo modeCheats
Victory
Defeat
🇩🇪 Persians · Germany
1307
+11
🇹🇷 Bohemians · Türkiye
1179
+16
🇹🇷 Poles · Türkiye
1146
+18
🇹🇷 Britons · Türkiye
1085
+20
🇫🇷 Tatars · France
1323
-22
🇲🇽 Goths · Mexico
1180
-16
🇫🇷 Franks · France
1158
-15
🇫🇷 Poles · France
1074
-12
Vantokk
10:54 Feudal Age
12:11 Horse Collar
14:57 Castle Age
13:06 Double-Bit Axe
15:45 Heavy Plow
16:22 Bow Saw
17:00 Wheelbarrow
23:17 Coinage
22:51 Gold Mining
23:55 Hand Cart
23:26 Loom
23:26 Town Watch
25:31 Scale Barding Armor
25:37 Forging
25:46 Stone Mining
26:50 Chain Barding Armor
26:39 Husbandry
26:58 Szlachta Privileges
27:09 Bloodlines
28:25 Iron Casting
30:45 Imperial Age
29:03 Stone Shaft Mining
30:48 Cavalier
31:50 Conscription
33:27 Blast Furnace
33:53 Crop Rotation
33:40 Scale Mail Armor
33:41 Squires
33:28 Arson
35:17 Banking
34:51 Elite Obuch
36:28 Chain Mail Armor
38:24 Plate Mail Armor
39:39 Lechitic Legacy
39:30 Light Cavalry
40:08 Winged Hussar
52:22 Siege Engineers
53:18 Chemistry
52:39 Ballistics
52:02 Treadmill Crane
52:44 Ballistics
53:24 Chemistry
52:30 Siege Engineers
KALLAVİST
11:02 Feudal Age
15:09 Castle Age
13:42 Double-Bit Axe
16:37 Wheelbarrow
16:17 Bow Saw
21:14 Wheelbarrow
22:06 Horse Collar
25:41 Hand Cart
25:22 Stone Mining
25:34 Heavy Plow
25:35 Gold Mining
27:04 Gold Shaft Mining
26:26 Fletching
31:17 Imperial Age
28:44 Bodkin Arrow
28:49 Padded Archer Armor
29:59 Ballistics
29:43 Padded Archer Armor
31:20 Elite Longbowman
33:27 Two-Man Saw
32:41 Squires
32:45 Scale Mail Armor
33:36 Yeomen
34:40 Chemistry
33:20 Pikeman
34:24 Leather Archer Armor
34:38 Bracer
36:56 Chemistry
36:32 Ring Archer Armor
36:18 Chain Mail Armor
36:13 Forging
40:33 Conscription
43:15 Iron Casting
43:11 Plate Mail Armor
42:03 Halberdier
ichbinmümin
10:28 Feudal Age
14:23 Castle Age
12:22 Double-Bit Axe
12:47 Horse Collar
22:01 Wheelbarrow
23:55 Bow Saw
23:45 Gold Mining
24:24 Loom
24:38 Fletching
26:00 Heavy Plow
29:53 Hand Cart
32:50 Imperial Age
30:56 Scale Barding Armor
31:09 Forging
31:11 Bloodlines
31:19 Husbandry
32:45 Chain Barding Armor
33:22 Iron Casting
33:29 Gold Shaft Mining
32:31 Cavalier
33:47 Town Watch
35:38 Two-Man Saw
35:09 Crop Rotation
34:07 Savar
36:03 Chemistry
37:25 Plate Barding Armor
36:37 Capped Ram
39:20 Stone Mining
41:03 Stone Shaft Mining
41:21 Conscription
42:10 Blast Furnace
41:50 Guilds
42:05 Ballistics
42:06 Citadels
41:57 Bodkin Arrow
43:40 Padded Archer Armor
43:53 Town Patrol
43:55 Scale Mail Armor
45:10 Leather Archer Armor
44:17 Heavy Camel Rider
45:57 Masonry
45:55 Murder Holes
46:31 Ring Archer Armor
47:42 Architecture
47:27 Careening
48:00 Hoardings
49:45 Coinage
55:25 Banking
MW.ItsyBitsy
7:47 Loom
10:53 Feudal Age
11:40 Loom
15:48 Castle Age
13:38 Horse Collar
14:18 Double-Bit Axe
17:18 Wheelbarrow
16:54 Bow Saw
18:13 Fervor
19:06 Heavy Plow
22:35 Scale Mail Armor
23:04 Forging
22:22 Pikeman
36:21 Hand Cart
36:31 Squires
37:39 Chemistry
37:04 Padded Archer Armor
37:25 Chain Mail Armor
38:36 Arson
39:19 Leather Archer Armor
45:15 Imperial Age
43:01 Arson
45:49 Halberdier
49:22 Two-Man Saw
49:04 Ring Archer Armor
48:31 Houfnice
49:22 Siege Engineers
52:53 Elite Skirmisher
53:32 Fletching
54:13 Plate Mail Armor
54:18 Iron Casting
56:14 Bodkin Arrow
Blawckdown
10:29 Feudal Age
15:39 Castle Age
13:57 Double-Bit Axe
16:03 Loom
18:44 Scale Barding Armor
18:52 Gold Mining
20:50 Chain Barding Armor
22:53 Forging
30:03 Iron Casting
31:36 Bow Saw
37:32 Imperial Age
35:17 Husbandry
37:37 Cavalier
41:59 Plate Barding Armor
43:20 Paladin
46:04 Blast Furnace
xigumi444
11:09 Feudal Age
16:39 Castle Age
18:30 Double-Bit Axe
20:52 Bow Saw
27:18 Bloodlines
27:19 Scale Barding Armor
27:24 Forging
27:17 Horse Collar
29:21 Chain Barding Armor
29:36 Iron Casting
30:16 Wheelbarrow
31:13 Szlachta Privileges
31:16 Husbandry
39:06 Imperial Age
38:20 Light Cavalry
39:20 Winged Hussar
42:11 Elite Skirmisher
43:59 Blast Furnace
43:00 Padded Archer Armor
42:51 Fletching
45:29 Lechitic Legacy
50:07 Cavalier
ToileTh
9:16 Feudal Age
9:41 Arson
9:47 Double-Bit Axe
11:23 Man-at-Arms
17:58 Castle Age
16:52 Forging
18:18 Scale Mail Armor
18:02 Pikeman
20:01 Long Swordsman
20:46 Scale Mail Armor
22:41 Long Swordsman
25:47 Horse Collar
26:19 Bow Saw
28:14 Gold Mining
29:58 Wheelbarrow
29:26 Heavy Plow
31:09 Gold Shaft Mining
34:15 Imperial Age
32:04 Hand Cart
31:34 Loom
31:40 Fletching
31:51 Padded Archer Armor
32:28 Bodkin Arrow
33:18 Leather Archer Armor
33:25 Ballistics
34:18 Heavy Cavalry Archer
34:59 Bracer
36:01 Chemistry
37:27 Bloodlines
37:19 Husbandry
38:32 Ring Archer Armor
40:36 Iron Casting
39:24 Halberdier
Fenrir
10:20 Feudal Age
15:10 Castle Age
13:11 Double-Bit Axe
13:08 Horse Collar
16:10 Bow Saw
16:01 Heavy Plow
24:33 Wheelbarrow
24:44 Pikeman
25:28 Squires
26:50 Scale Mail Armor
27:48 Hand Cart
34:03 Imperial Age
31:52 Loom
31:53 Town Watch
32:24 Chain Mail Armor
32:20 Forging
34:11 Anarchy
34:57 Perfusion
35:19 Conscription
34:22 Elite Huskarl
36:33 Iron Casting
35:21 Halberdier
39:53 Two-Man Saw
40:46 Crop Rotation
43:25 Chemistry
42:22 Heavy Scorpion
44:19 Heavy Scorpion
Connection lost

Rejoining the realm…

Still unreachable

The connection could not be restored.

Session expired

The server has moved on; the page needs a fresh start.